 Dungeon Crawl Stone Soup version 0.19-a0-1886-gd64a0f0 (webtiles) character file.

1544 Minion the Basher (level 8, -6/89 HPs)
             Began as an Ogre Fighter on Oct 15, 2016.
             Mangled by a phantom (9 damage)
             ... on level 6 of the Dungeon.
             The game lasted 00:15:23 (6584 turns).

Minion the Basher (Ogre Fighter)                    Turns: 6584, Time: 00:15:23

Health: -6/89      AC:  4    Str: 24    XL:     8   Next: 87%
Magic:  8/8        EV: 11    Int:  7    God:
Gold:   218        SH:  0    Dex: 12    Spells: 0 memorised, 7 levels left

rFire  . . .     SeeInvis +     d - +0 giant club
rCold  . . .     Gourm    .     b - +0 robe
rNeg   . . .     Faith    .     (shield currently unavailable)
rPois  .         Spirit   .     (helmet restricted)
rElec  .         Dismiss  .     u - +0 cloak
rCorr  .         Reflect  .     (gloves unavailable)
MR     .....     Harm     .     (boots unavailable)
Stlth  +.........               (no amulet)
                                t - ring of see invisible
                                c - +3 ring of dexterity

@: drained
A: unfitting armour, tough skin 1
a: no special abilities


You were on level 6 of the Dungeon.
You were not hungry.

You visited 1 branch of the dungeon, and saw 6 of its levels.

You collected 218 gold pieces.

Inventory:

Hand Weapons
 d - a +0 giant club (weapon)
Armour
 b - a +0 robe (worn)
 u - a +0 cloak (worn)
Jewellery
 c - a +3 ring of dexterity (left hand)
 t - a ring of see invisible (right hand)
Wands
 a - a wand of iceblast (9/15)
Scrolls
 e - 2 scrolls of immolation {unknown}
 h - a scroll of amnesia {unknown}
 j - 4 scrolls of identify
 k - 3 scrolls of remove curse {unknown}
 n - 2 scrolls of teleportation {unknown}
 q - 3 scrolls of recharging {unknown}
 s - 2 scrolls of magic mapping {unknown}
Potions
 i - a potion of degeneration {unknown}
 l - 2 potions of lignification {unknown}
 p - a potion of agility {unknown}
 w - a potion of heal wounds {unknown}
 x - 2 potions of magic {unknown}
 z - 2 potions of mutation {unknown}
 B - a potion of haste {unknown}
Books
 o - a book of Cantrips

   Spells                             Type                      Level
   a - Confusing Touch                Hexes                        1
   b - Animate Skeleton               Necromancy                   1
   c - Summon Small Mammal            Summoning                    1
   d - Apportation                    Translocation                1
 v - a book of Burglary

   Spells                             Type                      Level
   a - Swiftness                      Charms/Air                   2
   b - Passwall                       Transmutation/Earth          2
   c - Passage of Golubria            Translocation                4
   d - Lee's Rapid Deconstruction     Earth                        5
   e - Darkness                       Hexes                        6
   f - Invisibility                   Hexes                        6
Comestibles
 f - 4 bread rations
 g - a beef jerky
 m - 2 meat rations
 r - 2 slices of pizza
 A - a royal jelly
 C - 3 chunks of flesh


   Skills:
 + Level 8.4(7.5) Fighting
 * Level 10.4(9.5) Maces & Flails
 + Level 5.1(4.3) Dodging
   Level 2.6(1.9) Shields


You had 7 spell levels left.
You didn't know any spells.

Dungeon Overview and Level Annotations

Branches:
Dungeon (6/15)
 Temple: D:4-7

Altars:
Cheibriados
Nemelex Xobeh
Xom

Shops:
D:5 }


Innate Abilities, Weirdness & Mutations

You are too large for most types of armour.
You have tough skin. (AC +1)


Message History

You closely miss the phantom.
The phantom is heavily damaged.
The phantom barely misses you. The ice beast barely misses you.
You closely miss the phantom.
The phantom is heavily damaged.
The phantom hits you.
* * * LOW HITPOINT WARNING * * *
The ice beast hits you but does no damage.
You closely miss the phantom.
The phantom is heavily damaged.
The phantom hits you.
* * * LOW HITPOINT WARNING * * *
The phantom blinks!
The ice beast hits you.
* * * LOW HITPOINT WARNING * * *
The ice beast freezes you!
* * * LOW HITPOINT WARNING * * *
You hit the phantom.
The phantom is severely damaged.
The phantom hits you!
You die...

#.#.# ... #.....)=..#
.... .. ######)#### #
...# .) #.# #.#..###.
..# ####.#
...##.#..#.. ..#
##.##.# #......ยง.#.#
#.# ##.#.#.#
.###.#.##.#####.#
#.###..#
............Y.##.#
##.#.###
#..........##@##.#
##.##
##.#..#....##W##.#
#.# #
#..#..........#####.#
#(.....##...........#
..###..###.##########
... ...# ### ....#


You could see a phantom and an ice beast.

Vanquished Creatures
  The ghost of Flanowski the Quickloader, an amateur CeHu of Okawaru (D:5)
  Sigmund (D:5)
  Edmund (D:5)
  A phantom (D:3)
  A sky beast (D:5)
  An ogre (D:5)
  2 scorpions (D:5)
  3 wights (D:6)
  A hound (D:6)
  A quasit (D:5)
  A centaur skeleton (D:4)
  2 orc priests
  A bullfrog skeleton (D:4)
  Crazy Yiuf (D:2)
  Ijyb (D:3)
  3 worker ants (D:5)
  2 orc wizards
  9 adders
  An ooze (D:3)
  An adder skeleton (D:5)
  4 worms
  3 dart slugs
  4 leopard geckos
  10 orcs
  4 giant cockroaches
  12 goblins
  17 hobgoblins
  4 jackals (D:2)
  3 quokkas
  A ball python (D:3)
  10 bats
  10 frilled lizards
  8 kobolds
  8 rats
133 creatures vanquished.

Vanquished Creatures (others)
  5 toadstools (D:1)
5 creatures vanquished.

Grand Total: 138 creatures vanquished

Notes
Turn   | Place    | Note
-------+----------+-------------------------------------------
     0 | D:1      | Minion the Ogre Fighter began the quest for the Orb.
     0 | D:1      | Reached XP level 1. HP: 24/24 MP: 1/1
    50 | D:1      | Found a shimmering altar of Xom.
    52 | D:1      | Found a shimmering altar of Xom.
    52 | D:1      | Found a burning altar of Makhleb.
    54 | D:1      | Found a shimmering altar of Xom.
    54 | D:1      | Found a sparkling altar of Nemelex Xobeh.
    54 | D:1      | Found a shimmering altar of Xom.
   129 | D:1      | Reached skill level 3 in Maces & Flails
   133 | D:1      | Reached XP level 2. HP: 30/33 MP: 2/2
   505 | D:1      | Reached XP level 3. HP: 40/40 MP: 3/3
   553 | D:1      | Reached skill level 4 in Maces & Flails
   985 | D:2      | Reached skill level 5 in Fighting
  1009 | D:2      | Reached XP level 4. HP: 36/50 MP: 4/4
  1508 | D:2      | Reached skill level 5 in Maces & Flails
  2357 | D:3      | Noticed a phantom
  2367 | D:3      | Reached XP level 5. HP: 28/57 MP: 5/5
  2378 | D:3      | Noticed Ijyb
  2386 | D:3      | Killed Ijyb
  2395 | D:3      | Killed a phantom
  2395 | D:3      | Reached skill level 6 in Maces & Flails
  2395 | D:3      | Reached XP level 6. HP: 27/67 MP: 6/6
  3035 | D:3      | Found a runed door.
  3216 | D:3      | Noticed Crazy Yiuf
  3311 | D:2      | Killed Crazy Yiuf
  3869 | D:4      | Reached skill level 7 in Maces & Flails
  4382 | D:5      | Entered Level 5 of the Dungeon
  4610 | D:5      | Reached XP level 7. HP: 72/76 MP: 7/7
  4617 | D:5      | Noticed Flanowski's ghost (amateur CeHu)
  4715 | D:5      | Killed Flanowski's ghost
  4715 | D:5      | Reached skill level 8 in Maces & Flails
  5431 | D:5      | Reached XP level 8. HP: 86/87 MP: 8/8
  5437 | D:5      | Noticed Sigmund
  5454 | D:5      | Reached skill level 9 in Maces & Flails
  5469 | D:5      | Killed Sigmund
  5906 | D:5      | Found a faded altar of an unknown god.
  5906 | D:5      | Found a snail-covered altar of Cheibriados.
  5911 | D:5      | Found a faded altar of an unknown god.
  5912 | D:5      | Noticed Edmund
  5914 | D:5      | Found a faded altar of an unknown god.
  5921 | D:5      | Killed Edmund
  5922 | D:5      | Found a faded altar of an unknown god.
  6112 | D:5      | Found Sokusoso's Gadget Shoppe.
  6126 | D:5      | Reached skill level 10 in Maces & Flails
  6178 | D:6      | Reached skill level 5 in Dodging
  6583 | D:6      | HP: 3/89 [ice beast (10)]
  6584 | D:6      | Mangled by a phantom

Vault maps used:
D:1:      ldierk_walled_garden, doesnt_xom_only_xom
D:2:      cheibrodos_greedy_goblins
D:3:      uniq_iyjb, uniq_crazy_yiuf_cottage
D:5:      chequers_temple_overflow_minitemple, serial_shops, shop, first_bread,
          uniq_edmund, uniq_sigmund
D:6:      minmay_misc_feat_chi, uniq_pikel, uniq_menkaure

Skill      XL: |  1  2  3  4  5  6  7  8 |
---------------+-------------------------+-----
Maces & Flails | 3 4 5 6 7 8 10 | 10.4
Fighting       | 5 6 7 8 |  8.4
Dodging        | 3 4 5 |  5.1
Shields        | |  2.6

Action                   |  1- 3 |  4- 6 |  7- 9 || total
-------------------------+-------+-------+-------++-------
Melee: Flail             |    82 |   237 |    93 ||   412
       Giant club        |       |       |    18 ||    18
  Use: Potion            |       |     2 |     1 ||     3
       Scroll            |       |     1 |       ||     1
 Stab: Distracted        |     1 |       |       ||     1
       Sleeping          |       |     4 |       ||     4
       Invisible         |       |     1 |     5 ||     6
  Eat: Chunk             |       |    12 |     2 ||    14
       Fruit             |       |       |     4 ||     4
       Pizza             |       |       |     1 ||     1
Armor: Robe              |    19 |    60 |    21 ||   100
Dodge: Dodged            |    54 |   128 |    42 ||   224
